 Dungeon Crawl Stone Soup version 0.24.0-123-gd5b16e6ec5 (webtiles) character file.

Game seed: 7792947850816905073, levelgen mode: deterministic

21781 sking99 the Thaumaturge (level 12, -3/79 HPs)
             Began as a Gargoyle Earth Elementalist on Feb 5, 2020.
             Was a High Priest of Vehumet.
             Slain by Rupert
             ... wielding a +1 great sword of electrocution
              (14 damage)
             ... on level 4 of the Lair of Beasts.
             The game lasted 00:45:29 (17436 turns).

sking99 the Thaumaturge (GrEE)                     Turns: 17436, Time: 00:45:29

Health: -3/79      AC: 18    Str: 20    XL:     12   Next: 93%
Magic:  4/27       EV: 16    Int: 20    God:    Vehumet [*****.]
Gold:   1385       SH:  4    Dex: 10    Spells: 1/34 levels left

rFire    . . .     SeeInvis .   o - +1 dagger
rCold    . . .     Gourm    .   s - +0 buckler
rNeg     + . .     Faith    .   H - +1 robe of Cuocijukh {Str+3}
rPois    ∞         Spirit   .   M - +2 hat
rElec    +         Reflect  .   r - +1 cloak
rCorr    .         Harm     .   F - +2 pair of gloves
MR       .....                  w - +0 pair of boots of Poor Excuses {Str+4}
Stlth    ++........             f - amulet of magic regeneration
HPRegen  0.23/turn              q - +4 ring of evasion
MPRegen  0.45/turn              D - ring of wizardry

@: no status effects
A: deformed body, negative energy resistance 1, electricity resistance,
unbreathing, petrification resistance, rot immunity, AC +8
a: Renounce Religion


You were on level 4 of the Lair of Beasts.
You worshipped Vehumet.
Vehumet was extremely pleased with you.
You were near starving.

You visited 3 branches of the dungeon, and saw 16 of its levels.
You also visited: Bailey.

You collected 1385 gold pieces.

Inventory:

Hand Weapons
 o - a +1 dagger (weapon)
Missiles
 b - 230 stones (quivered)
Armour
 r - a +1 cloak (worn)
 s - a +0 buckler (worn)
 w - the +0 pair of boots of Poor Excuses (worn) {Str+4}
   (You found it on level 6 of the Dungeon)

   It affects your strength (+4).
 F - a +2 pair of gloves (worn)
 H - the +1 robe of Cuocijukh (worn) {Str+3}
   (You found it in a bailey)

   It affects your strength (+3).
 M - a +2 hat (worn)
Jewellery
 f - an amulet of magic regeneration (around neck)
 q - a +4 ring of evasion (left hand)
 x - an uncursed ring of resist corrosion
 D - a ring of wizardry (right hand)
Wands
 k - a wand of flame (16)
 u - a wand of random effects (21)
 y - a wand of iceblast (13)
 B - a wand of disintegration (27)
 E - a wand of clouds (7)
 K - a wand of acid (8)
 Q - a wand of polymorph (7)
Scrolls
 g - 6 scrolls of remove curse
 i - 2 scrolls of immolation
 j - 4 scrolls of magic mapping
 m - a scroll of enchant weapon
 n - 3 scrolls of teleportation
 v - 3 scrolls of fog
 z - 2 scrolls of amnesia
 G - a scroll of blinking
 I - 2 scrolls of enchant armour
Potions
 a - 4 potions of berserk rage
 c - a potion of heal wounds {unknown}
 e - 3 potions of curing
 l - 3 potions of might
 p - a potion of mutation {unknown}
 t - a potion of invisibility {unknown}
 A - 3 potions of lignification
 C - a potion of magic
 J - 2 potions of resistance
 L - a potion of brilliance
 O - a potion of cancellation
 R - a potion of flight {unknown}
Comestibles
 d - 13 rations
 h - 6 chunks of flesh


   Skills:
 + Level 10.7 Fighting
 - Level 1.5 Dodging
 - Level 4.5 Stealth
 - Level 4.4 Shields
 * Level 11.9 Spellcasting
 + Level 9.3 Conjurations
 - Level 0.7 Transmutations
 - Level 5.0 Fire Magic
 - Level 10.0 Earth Magic


You had one spell level left.
You knew the following spells:

 Your Spells              Type           Power        Failure   Level  Hunger
a - Sandblast             Erth           ######       1%          1    None
b - Iron Shot             Conj/Erth      ######....   1%          6    ######.
c - Lee's Rapid Deconstr  Erth           ######....   1%          5    ####...
d - Bolt of Magma         Conj/Fire/Erth #####.....   1%          5    ####...
e - Petrify               Tmut/Erth      ####....     2%          4    #......
f - Static Discharge      Conj/Air       ####....     1%          3    None
g - Passwall              Tmut/Erth      ####....     1%          2    None
h - Conjure Flame         Conj/Fire      #####...     1%          3    None
i - Apportation           Tloc           ##....       2%          1    None
j - Stone Arrow           Conj/Erth      ######       1%          3    None

Your spell library contained the following spells:

 Spells                   Type           Power        Failure   Level  Hunger
 Airstrike                Air            ##........   7%          4    #......
 Flame Tongue             Conj/Fire      #####        1%          1    None
 Animate Skeleton         Necr           N/A          2%          1    None
 Confusing Touch          Hex            ##....       2%          1    None
 Summon Small Mammal      Summ           ##..         2%          1    None
 Throw Flame              Conj/Fire      #####.       1%          2    None
 Inner Flame              Hex/Fire       ###.....     1%          3    None
 Mephitic Cloud           Conj/Pois/Air  ###.....     1%          3    None
 Sticky Flame             Conj/Fire      #####...     1%          4    #......
 Fireball                 Conj/Fire      #####.....   1%          5    ####...
 Leda's Liquefaction      Hex/Erth       ####......   2%          4    #......
 Poisonous Vapours        Pois/Air       ##....       3%          2    None
 Freezing Cloud           Conj/Ice/Air   ###.......   24%         6    ######.
 Ring of Flames           Chrm/Fire      ###.......   99%         7    #######
 Shatter                  Erth           ######....   99%         9    #######
 Statue Form              Tmut/Erth      Unusable     N/A         6    N/A

Dungeon Overview and Level Annotations

Branches:
Dungeon (11/15)            Temple (1/1) D:4            Lair (4/6) D:8
  Snake (0/4) Lair:4       Bailey (visited)
  Swamp: Lair:2-4    Shoals: Lair:2-4       Orc: D:9-12

Altars:
Ashenzari
Cheibriados
Dithmenos
Elyvilon
Fedhas
Gozag
Hepliaklqana
Kikubaaqudgha
Makhleb
Nemelex Xobeh
Okawaru
Qazlal
Ru
Sif Muna
Trog
Uskayaw
Vehumet
Wu Jian
Xom
Yredelemnul
Zin
The Shining One

Shops:
D:6 %

Annotations:
Lair:4 Rupert


Innate Abilities, Weirdness & Mutations

You are resistant to torment.
Your stone body is resilient. (AC +8)
You are immune to poison.
You resist negative energy. (rN+)
You are resistant to electric shocks. (rElec)
You can survive without breathing.
You are immune to petrification.
You are immune to rotting.
Armour fits poorly on your strangely shaped body.


Message History

Rupert hits you with a +1 great sword of electrocution.
Rupert hits you with a +1 great sword of electrocution!!
Rupert hits you with a +1 great sword of electrocution!
You can move again.
You bump into the rock wall.
Rupert hits you with a +1 great sword of electrocution!!
* * * LOW HITPOINT WARNING * * *
You're too confused to cast spells.
You feel better.
Rupert hits you with a +1 great sword of electrocution.
* * * LOW HITPOINT WARNING * * *
Rupert barely misses you.
Casting: Iron Shot (safe; 1% risk of failure)
Confirm with . or Enter, or press ? or * to list all spells.
Aiming: Iron Shot (safe; 1% risk of failure)
Press: ? - help, Shift-Dir - straight line, f/p - Rupert
Aim: Rupert, wielding a +1 great sword of electrocution and wearing a +1 leather armour of fire resistance (almost dead, berserk, fast, unusually strong)
The iron shot misses Rupert.
Rupert misses you.
Rupert hits you with a +1 great sword of electrocution!
You die...

....# ###..###
#..........##
.....##.#..# #..........#
..(.......P# #.........##
..........## #.##.)....##
.....##...P# ####.#.....#
.... ####.## ##P.....###
.....#.#..P#
#######P...####
.......P...###P##.....###
...............@@....(#
..........P#.........##
#####.P.######.#######
#### ###


You could see Rupert (berserk).

Vanquished Creatures
  Gastronok (D:10)
  A hydra (Lair:4)
  2 two-headed ogres (D:9)
  An oklob plant (Lair:4)
  An ugly thing (D:10)
  An ice statue (D:7)
  Psyche (D:8)
  A black mamba (Lair:1)
  3 spiny frogs
  2 rime drakes
  2 komodo dragons
  A troll (D:10)
  A hornet (D:10)
  A slime creature (Lair:1)
  10 blink frogs
  5 hippogriffs
  A spriggan (D:8)
  19 yaks
  Eustachio (D:6)
  A hungry ghost (D:8)
  3 nagas (Lair:4)
  5 water moccasins
  6 porcupines
  9 orc warriors
  An eye of draining (D:10)
  4 phantoms
  2 ice beasts
  A black bear (Lair:3)
  4 ogres
  A sky beast (D:5)
  3 wolves (Lair:2)
  8 centaurs
  7 crocodiles
  11 bullfrogs
  4 gnoll sergeants
  A water moccasin zombie (D:9)
  3 scorpions
  A water moccasin skeleton (D:4)
  4 killer bees (D:5)
  A howler monkey (D:4)
  2 electric eels (Lair:2)
  A lava snake (Lair:2)
  3 crimson imps
  A quasit (D:7)
  10 jellies
  11 hounds
  An orc priest (D:3)
  A gnoll shaman (D:8)
  Crazy Yiuf (D:2)
  A bullfrog skeleton (D:8)
  3 iguanas
  7 orc wizards
  4 worker ants
  A killer bee zombie (D:5)
  2 hound skeletons
  2 worker ant zombies
  Robin (D:2)
  16 gnolls
  6 adders
  A howler monkey skeleton (D:9)
  2 shadow imps (D:5)
  10 oozes (Lair:1)
  An adder skeleton (D:4)
  An adder zombie (D:3)
  A worm (D:4)
  3 dart slugs (D:1)
  9 leopard geckos
  39 orcs
  5 bats
  4 giant cockroaches
  13 hobgoblins
  9 jackals
  24 kobolds
  10 quokkas
  3 ball pythons
  3 frilled lizards
  18 goblins
  A jackal zombie (D:5)
  A leopard gecko skeleton (D:5)
  2 quokka zombies
  7 rats
  2 fungi
378 creatures vanquished.

Vanquished Creatures (others)
  2 wights (D:11)
  A quokka (D:9)
  6 fungi
  3 plants (Lair:4)
12 creatures vanquished.

Grand Total: 390 creatures vanquished

Notes
Turn   | Place    | Note
-------+----------+-------------------------------------------
     0 | D:1      | sking99 the Gargoyle Earth Elementalist began the quest for
                  | the Orb.
     0 | D:1      | Reached XP level 1. HP: 10/10 MP: 3/3
   229 | D:1      | Reached XP level 2. HP: 16/16 MP: 3/5
   254 | D:1      | Learned a level 2 spell: Passwall
   566 | D:1      | Reached skill level 1 in Fighting
   584 | D:1      | Reached XP level 3. HP: 20/20 MP: 0/6
   647 | D:1      | Learned a level 3 spell: Stone Arrow
  1666 | D:2      | Found a runed translucent door.
  1667 | D:2      | Noticed Crazy Yiuf
  1874 | D:2      | Noticed Robin
  1876 | D:2      | Killed Robin
  2273 | D:2      | Reached XP level 4. HP: 25/25 MP: 3/7
  2922 | D:2      | Killed Crazy Yiuf
  3034 | D:3      | Reached skill level 5 in Earth Magic
  3147 | D:3      | Reached XP level 5. HP: 30/30 MP: 6/9
  3420 | D:3      | Found a faded altar of an unknown god.
  4184 | D:3      | Reached skill level 3 in Spellcasting
  4507 | D:4      | Reached XP level 6. HP: 31/36 MP: 2/10
  5149 | D:4      | Found a staircase to the Ecumenical Temple.
  5152 | D:4      | Noticed a phantom
  5157 | Temple   | Entered the Ecumenical Temple
  5247 | Temple   | Became a worshipper of Vehumet
  5282 | D:4      | Killed a phantom
  5282 | D:4      | Reached XP level 7. HP: 35/41 MP: 1/12
  5980 | D:5      | Entered Level 5 of the Dungeon
  6106 | D:5      | Reached skill level 4 in Spellcasting
  6106 | D:5      | Reached skill level 1 in Conjurations
  6260 | D:5      | Reached XP level 8. HP: 48/48 MP: 5/14
  6287 | D:5      | Learned a level 4 spell: Petrify
  6293 | D:5      | Learned a level 5 spell: Lee's Rapid Deconstruction
  6775 | D:5      | Reached * piety under Vehumet
  6775 | D:5      | Offered knowledge of Freeze by Vehumet.
  7158 | D:6      | Got a pair of pitted boots
  7161 | D:6      | Reached skill level 1 in Shields
  7191 | D:6      | Reached skill level 5 in Spellcasting
  7333 | D:6      | Noticed Eustachio
  7339 | D:6      | Killed Eustachio
  7379 | D:6      | Identified the +0 pair of boots of Poor Excuses {Str+4}
                  | (You found it on level 6 of the Dungeon)
  7464 | D:6      | Found Wumaeg's Food Boutique.
  7510 | D:6      | Reached XP level 9. HP: 53/53 MP: 9/16
  7757 | D:7      | Reached skill level 5 in Fighting
  7957 | D:7      | Reached ** piety under Vehumet
  8058 | D:7      | Noticed an ice statue
  8204 | D:7      | Killed an ice statue
  8204 | D:7      | Offered knowledge of Searing Ray by Vehumet.
  8886 | D:8      | Reached skill level 6 in Spellcasting
  9050 | D:8      | Found a staircase to the Lair.
  9073 | D:8      | Reached skill level 10 in Earth Magic
  9169 | D:8      | Offered knowledge of Static Discharge by Vehumet.
  9194 | D:8      | Learned a level 3 spell: Static Discharge
  9203 | D:8      | Found a sparkling altar of Nemelex Xobeh.
  9263 | D:8      | Reached XP level 10. HP: 60/60 MP: 15/19
  9415 | D:8      | Reached *** piety under Vehumet
  9420 | D:8      | Reached skill level 5 in Conjurations
  9531 | D:8      | Noticed Psyche
  9541 | D:8      | Killed Psyche
  9541 | D:8      | Reached skill level 7 in Spellcasting
 10041 | D:9      | Noticed a two-headed ogre
 10099 | D:9      | Offered knowledge of Force Lance by Vehumet.
 10194 | D:9      | Found a flagged portal.
 10204 | D:9      | HP: 3/63 [two-headed ogre/+0 giant club (19)]
 10205 | D:9      | Killed a two-headed ogre
 10205 | D:9      | Reached skill level 8 in Spellcasting
 10207 | Bailey   | Entered a bailey
 10689 | Bailey   | Reached **** piety under Vehumet
 10824 | Bailey   | Got an ominously black robe
 10838 | Bailey   | Identified the cursed +1 robe of Cuocijukh {Str+3} (You
                  | found it in a bailey)
 10897 | Bailey   | Got an encrusted chain mail
 10909 | Bailey   | Identified the +6 chain mail of Moatsyj {*Contam +Inv MR+}
                  | (You found it in a bailey)
 10945 | Bailey   | Gained mutation: Armour fits poorly on your strangely
                  | shaped body. [mutagenic glow]
 10991 | D:9      | Offered knowledge of Bolt of Magma by Vehumet.
 11067 | D:9      | Reached XP level 11. HP: 68/68 MP: 14/23
 11132 | D:9      | Found a shadowy altar of Dithmenos.
 11152 | D:9      | Learned a level 5 spell: Bolt of Magma
 11156 | D:9      | Learned a level 3 spell: Conjure Flame
 11382 | D:9      | Reached skill level 9 in Spellcasting
 11406 | D:9      | Noticed a two-headed ogre
 11411 | D:9      | Killed a two-headed ogre
 11411 | D:9      | Reached skill level 1 in Fire Magic
 11539 | D:9      | Found a white marble altar of Elyvilon.
 11660 | D:10     | Entered Level 10 of the Dungeon
 11697 | D:10     | Noticed Gastronok
 11719 | D:10     | Killed Gastronok
 12620 | D:11     | Noticed a brown ugly thing
 12624 | D:11     | Noticed a two-headed ogre
 12628 | D:11     | Noticed a cyclops
 12963 | D:10     | Killed a brown ugly thing
 13080 | Lair:1   | Entered Level 1 of the Lair of Beasts
 13125 | Lair:1   | Reached skill level 10 in Spellcasting
 13939 | Lair:1   | Reached ***** piety under Vehumet
 13939 | Lair:1   | Offered knowledge of Airstrike by Vehumet.
 13944 | Lair:1   | Reached XP level 12. HP: 72/76 MP: 6/26
 14677 | Lair:2   | Learned a level 1 spell: Apportation
 15046 | Lair:2   | Reached skill level 11 in Spellcasting
 15353 | Lair:3   | Reached skill level 10 in Fighting
 15353 | Lair:3   | Reached skill level 5 in Fire Magic
 16361 | Lair:4   | Found the +8 whip "Snakebite" {curare, rPois}
 16361 | Lair:4   | Noticed a five-headed hydra
 16368 | Lair:4   | Killed a five-headed hydra
 16583 | Lair:4   | Noticed Rupert
 16587 | Lair:4   | Paralysed by Rupert for 7 turns
 17138 | Lair:4   | Found a staircase to the Snake Pit.
 17254 | Lair:4   | Identified a scroll of acquirement
 17263 | Lair:4   | Learned a level 6 spell: Iron Shot
 17425 | Lair:4   | Paralysed by Rupert for 5 turns
 17436 | Lair:4   | Slain by Rupert

Levels and vault maps discovered:
D:1:      denvon_arrival_planthouse, layout_basic
D:2:      layout_rooms, first_ration, uniq_crazy_yiuf_cottage, uniq_robin
D:3:      layout_basic, chequers_ecumenical_altar_twisty, serial_park_tiny_2
D:4:      layout_basic, minmay_temple_entry_ruins, serial_glass,
          glass_columns_c, glass_columns_a
D:5:      layout_rooms, serial_glass, glass_columns_c, glass_columns_a,
          item_on_display_b
D:6:      layout_cave_pools, serial_glass, glass_columns_a, glass_columns_b,
          glass_columns_b, glass_columns_b, serial_shops, kennysheep_mini,
          uniq_eustachio
D:7:      lemuel_ice_statue, layout_loops_ring, kennysheep_generic_room_16
D:8:      layout_cave_pools, lair_entry_dummy, basic_altar, serial_gnoll_camp,
          gnoll_camp_mini_house, gnoll_camp_medium_01, gnoll_camp_mini_doghouse,
          gnoll_camp_mini_hut, grunt_pizzeria, uniq_psyche
D:9:      layout_basic, elyvilon_altar_4, basic_altar, enter_bailey_3
D:10:     layout_loops_ring, uniq_gastronok
D:11:     lemuel_flame_loot_2, layout_basic, due_unseen_surprise
Temple:   compressed_dpeg_circular_temple
Lair:1:   lemuel_slime, layout_regular_city
Lair:2:   layout_gridlike, bh_chokoban, grunt_forest_small_clearings,
          serial_bayou_shore_a
Lair:3:   layout_hall_layers, serial_rivers, chequers_serial_rivers_room_a,
          chequers_serial_rivers_micro_d, chequers_serial_rivers_micro_e,
          chequers_serial_rivers_small_b, chequers_serial_rivers_large_b,
          chequers_serial_rivers_micro_c
Lair:4:   layout_cave_pods, minmay_shoals_entry_centaurs,
          guppyfry_snake_entry_garden, minmay_lair_oklob_chamber, uniq_rupert

Skill      XL: |  1  2  3  4  5  6  7  8  9 10 11 12 |
---------------+-------------------------------------+-----
Earth Magic    | 4 5 6 7 8 10 | 10.0
Fighting       | 1 2 3 4 6 8 9 10 | 10.7
Stealth        | 3 4 |  4.5
Spellcasting   | 3 4 5 6 8 10 11 | 11.9
Conjurations   | 2 4 6 7 9 |  9.3
Shields        | 3 4 |  4.4
Fire Magic     | 4 5 |  5.0
Dodging        | |  1.5
Transmutations | |  0.7

Action                   |  1- 3 |  4- 6 |  7- 9 | 10-12 || total
-------------------------+-------+-------+-------+-------++-------
Melee: Unarmed           |    20 |       |       |       ||    20
       Dagger            |     3 |    80 |    32 |    63 ||   178
 Cast: Sandblast         |    30 |    41 |    48 |    67 ||   186
       Stone Arrow       |    18 |    48 |   120 |   250 ||   436
       Lee's Rapid Decon |       |       |     8 |    69 ||    77
       Bolt of Magma     |       |       |       |    25 ||    25
       Iron Shot         |       |       |       |     7 ||     7
  Use: Scroll            |       |    11 |     5 |    12 ||    28
       Potion            |       |       |       |     4 ||     4
  Eat: Chunk             |     7 |    15 |    19 |    32 ||    73
       Ration            |       |       |     1 |     5 ||     6
Armor: Robe              |    12 |    32 |    30 |    69 ||   143
Dodge: Dodged            |    27 |    56 |    85 |   160 ||   328
Block: Buckler           |       |       |     8 |    38 ||    46
